Map: Romanticide LE

Players

Spirit (souL)

  • Race: Terran Terran

Hellraiser - Winner!

  • Race: Protoss Protoss

Event: DreamHack SC2 Masters 2021 Winter

VOD

Have the link to the VOD?

Description

Time

  • Played on: Oct. 6, 2021, 12:13 p.m.
  • Length: 14:46

All games in this series

Show
View Real Time Build Order
Export as new Build Order

Spirit Terran 

Build Orders: Reaper Expand 

Get SALT Encoding   

  12  0:00  SCV  
  13  0:12  SCV  
  14  0:17  Supply Depot  
  14  0:24  SCV  
  15  0:38  SCV  
  15  0:42  Barracks  
  16  0:44  Refinery  
  16  0:50  SCV  
  17  1:02  SCV  
  18  1:15  SCV  
  19  1:29  Reaper, Orbital Command  
  20  1:43  Command Center  
  20  1:54  Supply Depot, SCV  
  21  2:01  Marine  
  21  2:06  SCV  
  23  2:11  Factory  
  23  2:18  SCV  
  23  2:22  Barracks Reactor, Bunker  
  24  2:27  Refinery  
  24  2:30  SCV  
  25  2:43  SCV  
  26  2:55  SCV  
  26  2:57  Orbital Command  
  27  3:00  Marine  
  27  3:04  Factory Tech Lab  
  27  3:05  Marine  
  28  3:07  SCV  
  28  3:08  Starport  
  29  3:18  Marine  
  29  3:19  SCV  
  31  3:22  Marine, Cyclone  
  31  3:23  SCV  
  36  3:31  SCV  
  37  3:34  Supply Depot  
  37  3:35  SCV  
  37  3:36  Marine  
  40  3:43  SCV  
  40  3:47  SCV  
  42  3:53  Command Center  
  41  3:56  SCV  
  41  3:59  SCV  
  41  4:01  Viking  
  45  4:08  Supply Depot, SCV, Marine  
  45  4:09  Marine  
  48  4:14  Cyclone  
  51  4:17  SCV  
  51  4:20  SCV  
  53  4:25  Supply Depot, Marine  
  53  4:29  Marine  
  53  4:30  SCV  
  56  4:31  Viking  
  56  4:32  SCV  
  56  4:36  Supply Depot  
  59  4:42  SCV  
  59  4:43  Marine  
  59  4:44  SCV  
  62  4:47  Siege Tank, Marine  
  65  4:54  SCV  
  65  4:57  SCV  
  65  4:59  Barracks  
  67  5:03  Barracks  
  67  5:04  Refinery  
  67  5:06  SCV  
  68  5:07  Refinery, Orbital Command  
  68  5:09  SCV  
  68  5:13  Starport Tech Lab  
  69  5:18  SCV  
  69  5:19  Siege Tank  
  69  5:21  SCV, Engineering Bay  
  74  5:23  Engineering Bay  
  74  5:26  Marine  
  74  5:27  Marine  
  76  5:30  SCV  
  76  5:33  SCV  
  78  5:38  Orbital Command  
  78  5:40  Starport Reactor  
  78  5:42  SCV  
  79  5:44  Marine x2  
  79  5:45  SCV  
  79  5:49  Terran Infantry Weapons Level 1, Barracks  
  82  5:50  Terran Infantry Armor Level 1  
  82  5:53  Barracks  
  82  5:54  SCV  
  82  5:56  Stimpack  
  82  5:57  Marine x2  
  83  5:59  SCV  
  83  6:00  Factory Reactor  
  83  6:02  Marine  
  83  6:03  Missile Turret  
  83  6:04  Missile Turret  
  87  6:06  Combat Shield  
  87  6:09  Marine  
  87  6:10  SCV  
  88  6:14  SCV  
  88  6:15  Marauder, SCV  
  92  6:20  Supply Depot x2  
  92  6:22  Supply Depot  
  92  6:26  SCV  
  92  6:28  Bunker  
  92  6:32  Supply Depot  
  93  6:36  Marauder x2, SCV x2, Marine  
  93  6:39  SCV, Barracks Reactor  
  101  6:40  Barracks Tech Lab  
  101  6:45  Marine  
  100  6:48  Medivac, SCV x2  
  100  6:49  Medivac  
  100  6:51  Widow Mine  
  100  6:53  Widow Mine  
  100  6:54  SCV  
  111  6:58  Marauder  
  111  6:59  Supply Depot  
  111  7:00  SCV x2  
  111  7:01  Missile Turret  
  115  7:06  SCV  
  116  7:13  Widow Mine, SCV x2, Marine  
  116  7:14  Marauder, Widow Mine  
  125  7:16  Marine  
  125  7:17  Marauder  
  125  7:19  Marauder  
  125  7:21  Refinery x2  
  130  7:24  Supply Depot, Medivac  
  130  7:25  Supply Depot, Concussive Shells  
  130  7:26  Medivac  
  134  7:31  SCV, Armory  
  134  7:33  SCV  
  134  7:35  Marauder  
  138  7:37  SCV  
  138  7:40  Marauder  
  141  7:45  Marine  
  141  7:47  Supply Depot x2  
  141  7:49  Supply Depot  
  142  7:51  Starport  
  142  7:52  Ghost Academy  
  142  7:55  Marauder, Marine x2  
  146  8:01  Marauder, Marine  
  146  8:09  Command Center  
  146  8:11  Medivac x2  
  146  8:12  Marine  
  146  8:13  Marauder, Marine  
  146  8:14  Marine  
  146  8:16  Marine  
  149  8:21  Terran Infantry Weapons Level 2  
  149  8:25  Marine x2  
  149  8:26  Supply Depot  
  151  8:30  Marine  
  152  8:35  Viking x2  
  152  8:41  Terran Infantry Armor Level 2, Viking  
  156  8:43  Marine  
  156  8:44  Marauder  
  156  8:48  Viking  
  163  8:55  Factory Tech Lab  
  163  8:58  Supply Depot  
  163  8:59  SCV  
  163  9:03  Refinery  
  163  9:05  Marauder, Viking, Marine  
  163  9:08  Refinery, Viking  
  163  9:09  Marine  
  170  9:12  Marauder, Marine  
  170  9:14  SCV, Marine  
  170  9:23  Viking x2  
  172  9:26  Terran Ship Weapons Level 1  
  170  9:31  SCV x2  
  170  9:34  Ghost  
  174  9:40  SCV  
  174  9:41  Command Center  
  174  9:43  SCV  
  174  9:44  Viking x2  
  174  9:45  Missile Turret, Sensor Tower  
  170  9:57  Planetary Fortress  
  170  9:59  Viking x2  
  172  10:09  SCV  
  172  10:13  Siege Tank  
  177  10:14  Marauder, Viking  
  179  10:23  Viking  
  181  10:29  Viking  
  181  10:30  Armory  
  183  10:36  Barracks  
  183  10:37  Barracks  
  183  10:38  SCV  
  183  10:39  Ghost  
  183  10:43  Barracks  
  183  10:49  Ghost  
  182  10:52  Ghost  
  176  11:07  Ghost  
  169  11:18  Marine x4, Ghost  
  145  11:20  Ghost  
  145  11:26  Viking x3  
  145  11:28  Orbital Command  
  145  11:31  Refinery  
  141  11:36  Marine x3, Ghost  
  146  11:40  Marine  
  146  11:46  Ghost  
  147  11:48  Terran Ship Weapons Level 2, Refinery  
  147  11:49  Ghost  
  147  11:54  Marine x2  
  148  12:00  Viking  
  148  12:01  Viking, Marine  
  137  12:04  Marine  
  137  12:05  Marauder  
  131  12:08  Marine x3  
  131  12:11  Marine  
  131  12:12  Marine  
  138  12:16  Marauder  
  138  12:17  Marine  
  138  12:19  Marine  
  138  12:20  Terran Vehicle And Ship Armor Level 1  
  138  12:22  Marine  
  143  12:26  Marine x4  
  143  12:27  SCV x4  
  143  12:29  Marine x2  
  152  12:31  Medivac  
  152  12:32  Medivac x2  
  152  12:34  Medivac  
  157  12:42  SCV  
  157  12:43  Starport, SCV  
  159  12:44  Starport  
  159  12:45  Starport  
  159  12:47  Fusion Core  
  159  12:49  Siege Tank  
  162  12:59  Enhanced Shockwaves  
  162  13:02  Medivac, Command Center  
  164  13:10  Barracks Tech Lab x2  
  164  13:13  Marauder, Marine  
  167  13:22  Starport Tech Lab x2  
  167  13:23  Starport Tech Lab  
  167  13:27  Command Center  
  166  13:34  Viking x2  
  170  13:42  Viking x5, Command Center  
  170  13:43  Marine x2  
  170  13:44  Marine  
  170  13:46  Marine  
  183  13:55  Marine  
  182  14:04  Marine  
  182  14:05  Marine  
  182  14:06  Marine x2  
  182  14:08  Marine  
  182  14:09  Marine  
  169  14:11  Marine  
  169  14:13  Marine  
  169  14:14  Viking  
  130  14:22  Marine  
  130  14:23  Marine x3  
  133  14:26  Marine  
  133  14:27  Marine  
Show
View Real Time Build Order
Export as new Build Order

Hellraiser Protoss - Winner!

Build Orders: 1 Gate Expand, Phoenix Opening, Carriers, Mass Phoenix, Colossus Rush 

Get SALT Encoding   

  12  0:00  Probe  
  13  0:12  Probe  
  14  0:16  Pylon  
  14  0:24  Probe (Chrono Boost)  
  16  0:35  Gateway  
  16  0:36  Probe (Chrono Boost)  
  16  0:41  Probe (Chrono Boost)  
  16  0:45  Assimilator  
  17  0:52  Probe  
  18  1:04  Probe  
  19  1:16  Probe  
  20  1:22  Cybernetics Core  
  20  1:33  Nexus  
  20  1:40  Pylon  
  20  1:42  Probe  
  21  1:50  Assimilator  
  21  1:54  Probe  
  21  1:56  Adept (Chrono Boost)  
  24  2:07  Probe (Chrono Boost)  
  26  2:16  Probe (Chrono Boost)  
  26  2:18  Stargate  
  26  2:21  Probe (Chrono Boost)  
  26  2:25  Adept  
  29  2:33  Probe (Chrono Boost)  
  30  2:45  Probe (Chrono Boost)  
  32  2:52  Probe (Chrono Boost)  
  32  2:54  Probe (Chrono Boost)  
  32  2:55  Adept  
  35  2:59  Probe (Chrono Boost)  
  35  3:00  Probe  
  35  3:04  Phoenix (Chrono Boost)  
  39  3:09  Robotics Facility  
  39  3:10  Probe  
  40  3:13  Probe  
  40  3:17  Assimilator  
  41  3:22  Phoenix (Chrono Boost)  
  41  3:23  Probe  
  44  3:28  Probe  
  44  3:33  Pylon  
  45  3:37  Probe  
  46  3:50  Phoenix (Chrono Boost)  
  46  3:51  Probe x2  
  46  3:55  Pylon  
  50  3:56  Assimilator  
  50  3:57  Observer  
  51  4:03  Probe  
  51  4:06  Phoenix (Chrono Boost)  
  51  4:08  Pylon  
  54  4:15  Probe (Chrono Boost)  
  56  4:17  Probe (Chrono Boost)  
  56  4:18  Immortal  
  60  4:26  Probe (Chrono Boost)  
  60  4:28  Probe (Chrono Boost)  
  60  4:31  Phoenix, Probe (Chrono Boost)  
  64  4:37  Probe  
  66  4:40  Robotics Bay  
  66  4:43  Probe  
  67  4:52  Nexus  
  67  4:55  Pylon  
  67  5:01  Observer  
  67  5:02  Phoenix  
  70  5:09  Pylon  
  70  5:13  Probe (Chrono Boost)  
  72  5:14  Probe (Chrono Boost)  
  72  5:22  Pylon  
  72  5:25  Probe (Chrono Boost)  
  72  5:26  Probe (Chrono Boost)  
  72  5:27  Colossus (Chrono Boost)  
  80  5:30  Phoenix, Probe x2 (Chrono Boost)  
  84  5:36  Shield Battery  
  84  5:40  Shield Battery  
  84  5:41  Probe  
  84  5:42  Probe  
  86  5:48  Extended Thermal Lance  
  86  5:53  Probe  
  86  5:54  Probe  
  88  5:59  Phoenix  
  88  6:01  Protoss Air Weapons Level 1  
  88  6:03  Assimilator  
  90  6:06  Probe, Forge  
  90  6:09  Probe  
  92  6:11  Probe  
  92  6:14  Assimilator  
  92  6:17  Colossus (Chrono Boost)  
  93  6:20  Probe  
  93  6:24  Probe  
  101  6:29  Shield Battery  
  101  6:30  Pylon  
  102  6:33  Fleet Beacon  
  102  6:38  Probe x2  
  103  6:41  Probe  
  103  6:44  Observer  
  104  6:48  Stargate  
  104  6:50  Probe  
  107  6:54  Photon Cannon  
  107  6:56  Shield Battery  
  107  6:57  Photon Cannon  
  107  6:58  Photon Cannon  
  105  7:01  Disruptor (Chrono Boost)  
  108  7:15  Pylon x2  
  108  7:16  Pylon  
  108  7:22  Tempest (Chrono Boost)  
  113  7:25  Pylon  
  113  7:27  Photon Cannon  
  113  7:32  Disruptor (Chrono Boost)  
  113  7:34  Tempest (Chrono Boost)  
  121  7:41  Probe x2  
  121  7:42  Probe  
  124  7:53  Pylon  
  130  7:59  Nexus  
  130  8:04  Carrier (Chrono Boost)  
  129  8:10  Carrier (Chrono Boost)  
  129  8:14  Protoss Air Weapons Level 2  
  129  8:17  Pylon  
  129  8:20  Nexus  
  129  8:21  Pylon  
  129  8:24  Stargate  
  129  8:28  Photon Cannon x2  
  129  8:30  Pylon, Shield Battery  
  128  8:35  Photon Cannon  
  128  8:40  Shield Battery  
  128  8:42  Photon Cannon, Pylon  
  128  8:54  Pylon x2  
  128  8:55  Carrier (Chrono Boost), Pylon  
  140  9:04  Nexus  
  140  9:06  Pylon  
  140  9:10  Carrier (Chrono Boost)  
  140  9:13  Probe x3  
  131  9:21  Pylon  
  130  9:25  Probe x2  
  130  9:26  Probe  
  130  9:27  Carrier (Chrono Boost)  
  139  9:37  Probe x2  
  141  9:44  Carrier (Chrono Boost)  
  141  10:04  Carrier (Chrono Boost)  
  147  10:11  Probe x3  
  147  10:12  Observer, Stargate  
  150  10:14  Shield Battery  
  150  10:16  Photon Cannon  
  150  10:18  Carrier (Chrono Boost)  
  157  10:27  Shield Battery  
  157  10:28  Photon Cannon  
  156  10:33  Pylon  
  156  10:49  Protoss Air Weapons Level 3 (Chrono Boost)  
  155  10:54  Carrier (Chrono Boost)  
  155  10:55  Probe  
  161  11:02  Probe  
  154  11:09  Pylon  
  154  11:10  Pylon  
  154  11:15  Probe  
  154  11:16  Probe  
  154  11:17  Probe  
  143  11:27  Cybernetics Core  
  143  11:30  Phoenix (Chrono Boost)  
  143  11:32  Fleet Beacon  
  147  11:36  Probe  
  147  11:37  Photon Cannon, Phoenix (Chrono Boost)  
  148  11:46  Pylon  
  148  11:47  Probe  
  148  11:49  Probe  
  154  11:56  Probe  
  157  12:07  Observer  
  157  12:08  Nexus  
  155  12:12  Carrier (Chrono Boost)  
  167  12:19  Carrier (Chrono Boost)  
  167  12:25  Carrier (Chrono Boost)  
  167  12:26  Carrier (Chrono Boost)  
  167  12:27  Photon Cannon  
  167  12:28  Shield Battery  
  173  12:39  Photon Cannon  
  173  12:42  Photon Cannon  
  173  12:43  Shield Battery  
  173  12:47  Photon Cannon  
  173  12:49  Pylon  
  173  12:52  Observer  
  173  12:53  Photon Cannon  
  173  13:01  Observer  
  173  13:02  Pylon  
  173  13:03  Carrier  
  179  13:11  Photon Cannon  
  179  13:19  Carrier  
  185  13:28  Observer (Chrono Boost)  
  185  13:32  Carrier  
  187  14:26  Probe x3  
  187  14:27  Probe  

Tags
 
Add a new tag
Caveats
  • Supply blocks, unpowered buildings, or Contaminate may cause inaccurate times.
  • Supply counts are checked every 10 seconds.